[ AOE2 MATCH · #466445855 ]
Team RMMongols vs Huns
[ REPLAY ANALYSIS · EXTRACTED FROM THE RECORDED GAME ]
Feudal
14:32
Castle
22:44
Imperial
32:05
| APM avg | 38.0 |
| APM peak | 75 |
| eAPM avg | 24.1 |
| Villagers / military | 105 / 87 |
Focus
⚔️ 40.2% · 🌾 59.8%
Mangudai ×77 · Fishing Ship ×10 · Unknown (2626) ×4 · Trebuchet (Packed) ×4 · Spearman ×2 · Transport Ship ×2
Feudal
15:30
Castle
19:38
Imperial
—
| APM avg | 19.7 |
| APM peak | 67 |
| eAPM avg | 11.0 |
| Villagers / military | 82 / 88 |
Focus
⚔️ 33.1% · 🌾 66.9%
Knight ×35 · Skirmisher ×33 · Fishing Ship ×16 · Scout Cavalry ×14 · Fire Galley ×4 · Monk ×1
Feudal
15:16
Castle
23:50
Imperial
38:01
| APM avg | 31.5 |
| APM peak | 59 |
| eAPM avg | 16.8 |
| Villagers / military | 92 / 129 |
Focus
⚔️ 27.9% · 🌾 72.1%
Skirmisher ×48 · Scout Cavalry ×35 · Hussite Wagon ×21 · Spearman ×14 · Fishing Ship ×12 · Trebuchet (Packed) ×4
Feudal
16:10
Castle
21:51
Imperial
45:21
| APM avg | 31.4 |
| APM peak | 70 |
| eAPM avg | 19.6 |
| Villagers / military | 74 / 145 |
Focus
⚔️ 38.9% · 🌾 61.1%
Archer ×143 · Fishing Ship ×10 · Mangonel ×2
Feudal
12:41
Castle
19:07
Imperial
38:22
| APM avg | 37.7 |
| APM peak | 68 |
| eAPM avg | 19.5 |
| Villagers / military | 145 / 59 |
Focus
⚔️ 35.6% · 🌾 64.4%
Unknown (2579) ×58 · Archer ×47 · Fishing Ship ×12 · Mangonel ×6 · Petard ×4 · Trebuchet (Packed) ×2
Feudal
16:50
Castle
23:36
Imperial
—
| APM avg | 31.6 |
| APM peak | 76 |
| eAPM avg | 15.0 |
| Villagers / military | 106 / 104 |
Focus
⚔️ 20.7% · 🌾 79.3%
Shrivamsha Rider ×64 · Fishing Ship ×34 · Chakram Thrower ×21 · Armored Elephant ×7 · Galley ×5 · Camel Scout ×5
Feudal
18:33
Castle
22:44
Imperial
—
| APM avg | 8.4 |
| APM peak | 24 |
| eAPM avg | 6.8 |
| Villagers / military | 73 / 31 |
Focus
⚔️ 17.9% · 🌾 82.1%
Spearman ×11 · Archer ×8 · Knight ×5 · Militia ×4 · Trade Cart ×3 · Battering Ram ×2
Feudal
14:35
Castle
21:28
Imperial
49:11
| APM avg | 21.1 |
| APM peak | 42 |
| eAPM avg | 11.6 |
| Villagers / military | 92 / 75 |
Focus
⚔️ 22.8% · 🌾 77.2%
Ratha (Ranged) ×71 · Fishing Ship ×20 · Demolition Raft ×2 · Mangonel ×1 · Trebuchet (Packed) ×1
Match map
Initial resources + every placement click. Lines = walls · curves = elevation contours. ◆ gold · ⬟ stone · ● berries · ✦ relic · ◌ wall gap
Your base· Open — 11t gap
asoldkfjasodlfkj's base· Open — 10t gap
DON CANGREJO's base· Open — 8t gap
tboss's base· Open — unwalled flank
ALmotema's base· Open — 5t gap
DR GUS GELPEN BUILDORDER THE 3RD's base· Open — 5t gap
charliemarried's base· Open — 11t gap
Blei Blei's base· Open — 2t gap
Smoothed initial terrain · ◌ = detected wall gap · hover for details
Inputs per minute
— 令狐冲 - - asoldkfjasodlfkj
Build order — 令狐冲
First 150 of 311 actions detected
| 0:49 | Build | Town Center |
| 3:27 | Create | Villager (Male) |
| 3:28 | Create | Villager (Male) |
| 3:29 | Create | Villager (Male) |
| 3:29 | Create | Villager (Male) |
| 3:34 | Build | Dock |
| 4:33 | Build | House |
| 4:35 | Build | House |
| 4:45 | Research | Loom |
| 4:49 | Create | Villager (Male) |
| 4:57 | Create | Villager (Male) |
| 4:57 | Create | Villager (Male) |
| 5:48 | Create | Villager (Male) |
| 6:09 | Create | Villager (Male) |
| 6:09 | Create | Villager (Male) |
| 6:47 | Create | Villager (Male) |
| 6:47 | Create | Villager (Male) |
| 7:21 | Create | Villager (Male) |
| 7:21 | Create | Villager (Male) |
| 7:22 | Create | Villager (Male) |
| 7:28 | Build | House |
| 7:30 | Build | House |
| 7:46 | Create | Villager (Male) |
| 7:48 | Create | Villager (Male) |
| 7:48 | Create | Villager (Male) |
| 8:56 | Create | Villager (Male) |
| 8:57 | Create | Villager (Male) |
| 8:57 | Create | Villager (Male) |
| 8:57 | Create | Villager (Male) |
| 9:13 | Create | Fishing Ship |
| 9:36 | Build | House |
| 10:08 | Create | Villager (Male) |
| 10:08 | Create | Villager (Male) |
| 10:09 | Create | Villager (Male) |
| 10:09 | Create | Villager (Male) |
| 10:09 | Create | Villager (Male) |
| 10:10 | Create | Villager (Male) |
| 10:10 | Create | Villager (Male) |
| 10:11 | Create | Villager (Male) |
| 10:11 | Create | Villager (Male) |
| 10:28 | Build | Mill |
| 10:48 | Create | Fishing Ship |
| 11:39 | Build | Mining Camp |
| 12:22 | Research | Feudal Age |
| 12:26 | Create | Fishing Ship |
| 12:27 | Create | Fishing Ship |
| 12:57 | Create | Transport Ship |
| 14:32 | Age | Feudal Age |
| 14:42 | Create | Transport Ship |
| 14:54 | Build | House |
| 14:55 | Build | House |
| 14:58 | Build | House |
| 15:00 | Build | House |
| 15:04 | Build | Stone Wall |
| 15:20 | Create | Fishing Ship |
| 15:20 | Create | Fishing Ship |
| 15:29 | Build | Dock |
| 15:38 | Create | Villager (Male) |
| 15:39 | Research | Wheelbarrow |
| 15:44 | Build | Farm |
| 15:46 | Build | Farm |
| 15:49 | Build | Farm |
| 15:54 | Build | Farm |
| 15:55 | Build | Farm |
| 15:57 | Build | Farm |
| 15:59 | Build | Farm |
| 16:05 | Create | Villager (Male) |
| 16:05 | Create | Villager (Male) |
| 16:43 | Create | Villager (Male) |
| 17:02 | Create | Fishing Ship |
| 17:03 | Create | Fishing Ship |
| 17:10 | Create | Villager (Male) |
| 17:10 | Create | Villager (Male) |
| 17:36 | Create | Fishing Ship |
| 17:41 | Create | Galley |
| 17:51 | Create | Fishing Ship |
| 18:23 | Build | Blacksmith |
| 18:37 | Build | House |
| 19:19 | Build | Market |
| 19:34 | Build | House |
| 19:39 | Create | Villager (Male) |
| 19:40 | Create | Villager (Male) |
| 20:01 | Research | Castle Age |
| 20:19 | Build | Lumber Camp |
| 21:02 | Create | Villager (Male) |
| 21:02 | Create | Villager (Male) |
| 21:53 | Create | Unit 2626 |
| 21:53 | Create | Unit 2626 |
| 21:53 | Create | Unit 2626 |
| 21:55 | Create | Unit 2626 |
| 22:13 | Research | Gold Mining |
| 22:44 | Age | Castle Age |
| 23:02 | Create | Villager (Male) |
| 23:03 | Create | Villager (Male) |
| 23:03 | Create | Villager (Male) |
| 23:11 | Build | Barracks |
| 23:37 | Create | Villager (Male) |
| 23:39 | Research | Hand Cart |
| 23:51 | Build | Stable |
| 24:03 | Create | Villager (Male) |
| 24:04 | Create | Villager (Male) |
| 24:07 | Create | Spearman |
| 24:08 | Create | Spearman |
| 24:35 | Build | Farm |
| 24:35 | Build | Farm |
| 24:54 | Create | Villager (Male) |
| 24:54 | Create | Villager (Male) |
| 26:26 | Build | Town Center |
| 26:37 | Create | Villager (Male) |
| 26:38 | Create | Villager (Male) |
| 26:46 | Create | Villager (Male) |
| 27:10 | Build | Mining Camp |
| 27:19 | Create | Villager (Male) |
| 27:20 | Create | Villager (Male) |
| 27:33 | Create | Villager (Male) |
| 27:59 | Build | University |
| 28:16 | Build | Monastery |
| 28:22 | Create | Villager (Male) |
| 28:22 | Create | Villager (Male) |
| 28:24 | Create | Villager (Male) |
| 28:24 | Create | Villager (Male) |
| 28:25 | Create | Villager (Male) |
| 28:25 | Create | Villager (Male) |
| 28:51 | Research | Imperial Age |
| 28:51 | Research | Imperial Age |
| 29:03 | Research | Gold Shaft Mining |
| 29:07 | Research | Stone Mining |
| 29:12 | Create | Villager (Male) |
| 29:17 | Build | Farm |
| 29:21 | Research | Horse Collar |
| 29:46 | Build | Castle |
| 29:59 | Create | Villager (Male) |
| 30:00 | Create | Villager (Male) |
| 30:13 | Create | Villager (Male) |
| 30:16 | Research | Stone Shaft Mining |
| 30:39 | Create | Villager (Male) |
| 30:41 | Create | Villager (Male) |
| 30:42 | Create | Villager (Male) |
| 31:13 | Build | Town Center |
| 31:30 | Create | Villager (Male) |
| 31:33 | Create | Villager (Male) |
| 31:34 | Create | Villager (Male) |
| 31:46 | Build | Mining Camp |
| 31:54 | Create | Mangudai |
| 31:55 | Create | Mangudai |
| 31:56 | Create | Mangudai |
| 31:57 | Create | Villager (Male) |
| 31:58 | Create | Villager (Male) |
| 31:58 | Create | Villager (Male) |
| 32:05 | Age | Imperial Age |
Build order — asoldkfjasodlfkj
First 150 of 215 actions detected
| 0:25 | Build | Town Center |
| 1:22 | Build | Dock |
| 1:25 | Build | House |
| 2:47 | Create | Villager (Male) ×4 |
| 2:47 | Create | Villager (Male) ×4 |
| 4:03 | Create | Fishing Ship |
| 4:35 | Create | Villager (Male) |
| 4:43 | Build | House |
| 5:11 | Research | Loom |
| 5:15 | Create | Fishing Ship |
| 5:48 | Create | Fishing Ship |
| 5:57 | Create | Villager (Male) |
| 6:19 | Create | Villager (Male) |
| 6:29 | Build | House |
| 6:49 | Create | Villager (Male) |
| 7:06 | Create | Villager (Male) |
| 7:17 | Create | Villager (Male) |
| 7:58 | Create | Villager (Male) |
| 8:05 | Build | House |
| 8:19 | Create | Villager (Male) |
| 8:42 | Create | Villager (Male) |
| 8:48 | Create | Fishing Ship |
| 8:58 | Create | Villager (Male) |
| 9:05 | Create | Fishing Ship |
| 9:26 | Research | Tech 906 |
| 9:54 | Create | Villager (Male) |
| 9:56 | Create | Fishing Ship |
| 10:01 | Build | House |
| 10:04 | Create | Villager (Male) |
| 10:19 | Create | Villager (Male) |
| 10:46 | Build | House |
| 10:52 | Create | Fishing Ship |
| 10:53 | Create | Villager (Male) |
| 11:16 | Create | Villager (Male) |
| 11:38 | Create | Villager (Male) |
| 11:53 | Build | Mining Camp |
| 11:53 | Create | Villager (Male) |
| 12:11 | Build | House |
| 12:48 | Build | Mill |
| 12:53 | Create | Villager (Male) |
| 12:56 | Create | Villager (Male) |
| 13:19 | Research | Feudal Age |
| 13:23 | Create | Fishing Ship |
| 14:05 | Build | Lumber Camp |
| 14:20 | Build | House |
| 14:25 | Build | Palisade Gate |
| 14:28 | Build | Palisade Wall |
| 14:32 | Create | Villager (Male) |
| 14:54 | Create | Villager (Male) |
| 15:01 | Research | Double-Bit Axe |
| 15:09 | Build | Dock |
| 15:30 | Age | Feudal Age |
| 15:46 | Build | Market |
| 15:58 | Build | Palisade Gate |
| 16:00 | Create | Villager (Male) |
| 16:29 | Build | Blacksmith |
| 16:46 | Build | Palisade Wall |
| 16:48 | Build | Palisade Wall |
| 16:49 | Build | Palisade Wall |
| 16:52 | Build | Palisade Wall |
| 16:58 | Research | Castle Age |
| 17:13 | Build | Barracks |
| 17:31 | Research | Bow Saw |
| 17:33 | Research | Gillnets |
| 17:51 | Create | Villager (Male) |
| 17:58 | Build | House |
| 18:00 | Build | Palisade Wall |
| 18:03 | Create | Villager (Male) |
| 18:25 | Build | Stable |
| 18:41 | Create | Villager (Male) |
| 18:43 | Research | Forging |
| 18:43 | Research | Scale Barding Armor |
| 19:09 | Build | House |
| 19:10 | Build | House |
| 19:18 | Create | Spearman |
| 19:25 | Create | Villager (Male) |
| 19:38 | Age | Castle Age |
| 19:45 | Build | Town Center |
| 19:46 | Create | Villager (Male) |
| 19:52 | Create | Knight |
| 19:53 | Create | Knight |
| 19:59 | Build | Stable |
| 20:10 | Create | Villager (Male) |
| 20:23 | Create | Villager (Male) |
| 20:26 | Create | Fishing Ship |
| 20:26 | Create | Fishing Ship |
| 20:27 | Create | Fire Galley |
| 20:28 | Create | Fire Galley |
| 20:44 | Build | Palisade Gate |
| 20:46 | Build | Palisade Wall |
| 20:48 | Build | Palisade Wall |
| 20:50 | Create | Villager (Male) |
| 20:57 | Create | Villager (Male) |
| 21:09 | Create | Villager (Male) |
| 21:18 | Create | Villager (Male) |
| 21:21 | Create | Fishing Ship |
| 21:21 | Create | Fishing Ship |
| 21:22 | Create | Fire Galley |
| 21:22 | Create | Fire Galley |
| 21:27 | Create | Villager (Male) |
| 21:43 | Research | Horse Collar |
| 22:08 | Build | Town Center |
| 22:15 | Create | Villager (Male) |
| 22:17 | Research | Gold Mining |
| 22:18 | Research | Stone Mining |
| 22:20 | Create | Villager (Male) |
| 22:33 | Create | Fishing Ship |
| 22:34 | Create | Fishing Ship |
| 22:40 | Create | Villager (Male) |
| 22:45 | Build | Monastery |
| 22:52 | Create | Villager (Male) |
| 23:24 | Research | Light Cavalry (upgrade) |
| 23:26 | Research | Husbandry |
| 23:27 | Create | Scout Cavalry |
| 23:27 | Create | Scout Cavalry |
| 23:41 | Research | Gold Shaft Mining |
| 23:53 | Create | Fishing Ship |
| 23:54 | Create | Fishing Ship |
| 24:29 | Build | University |
| 24:39 | Build | Dock |
| 25:11 | Create | Villager (Male) |
| 25:31 | Create | Villager (Male) |
| 25:39 | Build | Archery Range |
| 25:41 | Build | Archery Range |
| 26:01 | Create | Villager (Male) |
| 26:07 | Research | Fletching |
| 26:07 | Research | Padded Archer Armor |
| 26:16 | Research | Cavalier (upgrade) |
| 26:17 | Create | Knight ×2 |
| 26:18 | Create | Knight ×2 |
| 26:19 | Create | Scout Cavalry ×2 |
| 26:20 | Create | Scout Cavalry ×2 |
| 26:37 | Build | Siege Workshop |
| 27:06 | Create | Knight |
| 27:06 | Create | Knight |
| 27:07 | Create | Scout Cavalry |
| 27:07 | Create | Scout Cavalry |
| 27:19 | Create | Skirmisher |
| 27:19 | Create | Skirmisher |
| 27:20 | Create | Skirmisher |
| 27:30 | Build | Mining Camp |
| 28:28 | Build | Castle |
| 28:34 | Create | Knight |
| 28:35 | Create | Knight |
| 28:35 | Create | Scout Cavalry |
| 28:35 | Create | Scout Cavalry |
| 28:40 | Build | House |
| 28:41 | Build | House |
| 28:41 | Build | House |
| 28:41 | Build | House |
Build order — DON CANGREJO
First 150 of 349 actions detected
| 0:28 | Build | Town Center |
| 3:10 | Create | Villager (Male) |
| 3:10 | Create | Villager (Male) |
| 3:10 | Create | Villager (Male) |
| 3:11 | Create | Villager (Male) |
| 3:11 | Create | Villager (Male) |
| 3:11 | Create | Villager (Male) |
| 3:31 | Build | House |
| 3:32 | Build | House |
| 5:19 | Create | Villager (Male) |
| 5:19 | Create | Villager (Male) |
| 5:44 | Create | Villager (Male) |
| 5:44 | Create | Villager (Male) |
| 6:01 | Create | Villager (Male) |
| 6:02 | Create | Villager (Male) |
| 6:26 | Create | Villager (Male) |
| 6:26 | Create | Villager (Male) |
| 6:26 | Create | Villager (Male) |
| 7:00 | Create | Villager (Male) |
| 7:00 | Create | Villager (Male) |
| 7:21 | Create | Villager (Male) |
| 7:21 | Create | Villager (Male) |
| 7:22 | Create | Villager (Male) |
| 7:25 | Build | House |
| 7:27 | Build | House |
| 7:57 | Create | Villager (Male) |
| 7:58 | Create | Villager (Male) |
| 8:42 | Build | Dock |
| 8:45 | Create | Villager (Male) |
| 8:45 | Create | Villager (Male) |
| 8:46 | Create | Villager (Male) |
| 9:47 | Create | Villager (Male) |
| 9:47 | Create | Villager (Male) |
| 9:54 | Create | Fishing Ship |
| 9:54 | Create | Fishing Ship |
| 9:54 | Create | Fishing Ship |
| 10:32 | Build | Mill |
| 11:39 | Create | Villager (Male) |
| 11:40 | Create | Villager (Male) |
| 11:47 | Create | Fishing Ship |
| 12:23 | Build | Lumber Camp |
| 12:27 | Create | Villager (Male) |
| 13:06 | Research | Feudal Age |
| 13:33 | Create | Fishing Ship |
| 13:52 | Build | House |
| 13:53 | Build | House |
| 14:17 | Build | Barracks |
| 14:40 | Create | Villager (Male) |
| 14:41 | Create | Villager (Male) |
| 15:05 | Create | Villager (Male) |
| 15:16 | Age | Feudal Age |
| 15:22 | Build | Stable |
| 15:37 | Create | Fishing Ship |
| 15:48 | Create | Scout Cavalry |
| 15:49 | Create | Scout Cavalry |
| 15:49 | Create | Scout Cavalry |
| 15:58 | Build | Farm |
| 15:59 | Build | Farm |
| 15:59 | Build | Farm |
| 15:59 | Build | Farm |
| 16:00 | Build | Farm |
| 16:00 | Build | Farm |
| 16:00 | Build | Farm |
| 16:00 | Build | Farm |
| 16:17 | Build | House |
| 16:33 | Build | Mining Camp |
| 16:47 | Build | Farm |
| 16:52 | Build | House |
| 16:55 | Create | Villager (Male) |
| 16:55 | Create | Villager (Male) |
| 16:55 | Create | Villager (Male) |
| 17:08 | Create | Fishing Ship |
| 17:46 | Build | Farm |
| 17:47 | Create | Villager (Male) |
| 18:17 | Build | Farm |
| 18:34 | Create | Fire Galley |
| 18:47 | Create | Villager (Male) |
| 18:52 | Build | Farm |
| 19:12 | Build | House |
| 19:13 | Build | House |
| 19:16 | Build | House |
| 19:24 | Build | Blacksmith |
| 19:35 | Build | House |
| 19:47 | Create | Fishing Ship |
| 19:47 | Create | Fishing Ship |
| 21:10 | Research | Castle Age |
| 21:10 | Research | Castle Age |
| 21:30 | Create | Fishing Ship |
| 21:30 | Create | Fishing Ship |
| 21:30 | Create | Fishing Ship |
| 21:40 | Build | Mining Camp |
| 22:12 | Research | Double-Bit Axe |
| 22:39 | Research | Forging |
| 23:50 | Age | Castle Age |
| 23:55 | Build | Town Center |
| 23:57 | Create | Villager (Male) |
| 23:57 | Create | Villager (Male) |
| 23:58 | Create | Villager (Male) |
| 23:58 | Create | Villager (Male) |
| 23:58 | Create | Villager (Male) |
| 23:58 | Create | Villager (Male) |
| 24:31 | Build | Siege Workshop |
| 24:37 | Research | Bow Saw |
| 24:49 | Create | Scout Cavalry |
| 24:51 | Research | Light Cavalry (upgrade) |
| 24:52 | Create | Scout Cavalry |
| 24:52 | Create | Scout Cavalry |
| 25:31 | Create | Villager (Male) |
| 25:32 | Create | Villager (Male) |
| 25:32 | Create | Villager (Male) |
| 25:32 | Create | Villager (Male) |
| 25:32 | Create | Villager (Male) |
| 26:10 | Create | Scout Cavalry |
| 26:10 | Create | Scout Cavalry |
| 26:10 | Create | Scout Cavalry |
| 26:56 | Create | Villager (Male) |
| 26:56 | Create | Villager (Male) |
| 26:57 | Create | Villager (Male) |
| 27:16 | Build | Monastery |
| 27:18 | Create | Villager (Male) |
| 27:18 | Create | Villager (Male) |
| 27:18 | Create | Villager (Male) |
| 27:25 | Create | Mangonel |
| 27:25 | Create | Mangonel |
| 27:31 | Build | House |
| 27:31 | Build | House |
| 28:09 | Build | Farm |
| 28:12 | Build | Farm |
| 28:13 | Create | Villager (Male) |
| 28:14 | Create | Villager (Male) |
| 28:14 | Create | Villager (Male) |
| 28:14 | Create | Villager (Male) |
| 28:20 | Build | House |
| 28:22 | Build | House |
| 28:49 | Build | Stable |
| 29:43 | Create | Battering Ram |
| 29:43 | Create | Battering Ram |
| 29:46 | Create | Villager (Male) |
| 29:46 | Create | Villager (Male) |
| 30:04 | Build | Castle |
| 30:36 | Build | Farm |
| 30:37 | Create | Monk |
| 31:12 | Create | Mangonel |
| 31:55 | Create | Scout Cavalry |
| 31:55 | Create | Scout Cavalry |
| 31:55 | Create | Scout Cavalry |
| 31:55 | Create | Scout Cavalry |
| 31:56 | Create | Scout Cavalry |
| 32:01 | Build | Farm |
| 32:03 | Create | Villager (Male) |
Build order — tboss
First 150 of 233 actions detected
| 1:42 | Build | Town Center |
| 2:15 | Build | Dock |
| 3:46 | Build | House |
| 4:15 | Research | Loom |
| 4:15 | Create | Villager (Male) ×3 |
| 4:50 | Build | House |
| 5:39 | Create | Villager (Male) |
| 6:06 | Create | Villager (Male) |
| 6:06 | Create | Villager (Male) |
| 6:28 | Create | Villager (Male) |
| 6:28 | Create | Villager (Male) |
| 6:33 | Create | Fishing Ship |
| 6:59 | Create | Villager (Male) |
| 7:00 | Create | Villager (Male) |
| 7:23 | Create | Villager (Male) |
| 7:30 | Build | House |
| 7:52 | Create | Villager (Male) |
| 8:34 | Build | House |
| 8:47 | Create | Villager (Male) |
| 8:57 | Create | Villager (Male) |
| 9:18 | Create | Villager (Male) |
| 9:20 | Create | Fishing Ship |
| 9:48 | Build | Dock |
| 10:36 | Build | House |
| 10:37 | Build | House |
| 10:45 | Create | Fishing Ship |
| 10:47 | Create | Fishing Ship |
| 11:26 | Create | Villager (Male) |
| 11:31 | Build | House |
| 11:34 | Create | Fishing Ship |
| 11:34 | Create | Fishing Ship |
| 11:45 | Create | Villager (Male) |
| 12:00 | Create | Villager (Male) |
| 12:08 | Create | Fishing Ship |
| 12:09 | Create | Fishing Ship |
| 12:33 | Build | Lumber Camp |
| 13:00 | Create | Villager (Male) |
| 13:30 | Build | Dock |
| 13:35 | Create | Villager (Male) |
| 13:57 | Research | Feudal Age |
| 14:53 | Build | Barracks |
| 15:03 | Build | Mill |
| 15:05 | Create | Villager (Male) |
| 15:05 | Create | Villager (Male) |
| 15:14 | Create | Fishing Ship |
| 15:17 | Create | Fishing Ship |
| 15:58 | Build | House |
| 16:10 | Age | Feudal Age |
| 16:14 | Research | Double-Bit Axe |
| 16:16 | Research | Tech 906 |
| 16:40 | Build | Blacksmith |
| 17:20 | Create | Villager (Male) |
| 17:59 | Build | Market |
| 19:11 | Research | Castle Age |
| 19:16 | Research | Fletching |
| 19:23 | Build | Archery Range |
| 20:14 | Build | Archery Range |
| 20:16 | Create | Archer |
| 20:16 | Create | Archer |
| 20:17 | Create | Archer |
| 20:50 | Build | Lumber Camp |
| 21:23 | Create | Archer |
| 21:33 | Create | Archer |
| 21:33 | Create | Archer |
| 21:37 | Build | House |
| 21:41 | Build | House |
| 21:51 | Age | Castle Age |
| 21:56 | Research | Crossbowman (upgrade) |
| 22:03 | Research | Bodkin Arrow |
| 22:04 | Research | Bow Saw |
| 22:12 | Create | Archer |
| 22:12 | Create | Archer |
| 22:12 | Create | Archer |
| 22:12 | Create | Archer |
| 22:22 | Research | Wheelbarrow |
| 22:31 | Create | Archer |
| 22:32 | Create | Archer |
| 22:32 | Create | Archer |
| 23:09 | Build | Town Center |
| 23:44 | Research | Town Watch |
| 23:48 | Create | Archer |
| 23:48 | Create | Archer |
| 24:39 | Create | Villager (Male) |
| 24:41 | Create | Villager (Male) |
| 24:41 | Create | Villager (Male) |
| 25:27 | Build | House |
| 25:28 | Build | House |
| 25:38 | Create | Villager (Male) |
| 25:38 | Create | Villager (Male) |
| 25:55 | Build | Town Center |
| 26:22 | Create | Villager (Male) |
| 26:27 | Build | University |
| 26:36 | Research | Padded Archer Armor |
| 26:39 | Create | Archer |
| 26:39 | Create | Archer |
| 26:43 | Research | Thumb Ring |
| 26:46 | Create | Villager (Male) |
| 26:46 | Create | Villager (Male) |
| 26:48 | Create | Villager (Male) |
| 27:14 | Build | Dock |
| 27:28 | Create | Villager (Male) |
| 27:51 | Create | Villager (Male) |
| 27:58 | Create | Villager (Male) |
| 27:59 | Create | Villager (Male) |
| 28:02 | Create | Villager (Male) |
| 28:02 | Create | Villager (Male) |
| 28:24 | Create | Villager (Male) |
| 29:12 | Build | Town Center |
| 29:22 | Create | Villager (Male) |
| 29:23 | Create | Villager (Male) |
| 30:06 | Research | Leather Archer Armor |
| 31:21 | Create | Villager (Male) |
| 31:21 | Create | Villager (Male) |
| 31:32 | Build | Town Center |
| 31:44 | Build | Archery Range |
| 31:47 | Build | Archery Range |
| 32:13 | Research | Ballistics |
| 32:23 | Create | Villager (Male) |
| 32:23 | Create | Villager (Male) |
| 32:42 | Create | Villager (Male) |
| 32:43 | Create | Villager (Male) |
| 32:46 | Create | Villager (Male) |
| 32:46 | Create | Villager (Male) |
| 32:59 | Create | Villager (Male) |
| 33:07 | Create | Villager (Male) |
| 33:12 | Build | Siege Workshop |
| 33:15 | Create | Archer |
| 33:18 | Build | House |
| 33:19 | Build | House |
| 33:21 | Build | House |
| 34:04 | Build | House |
| 34:05 | Build | House |
| 34:09 | Build | Lumber Camp |
| 34:12 | Create | Villager (Male) |
| 34:12 | Create | Villager (Male) |
| 34:16 | Create | Villager (Male) |
| 34:16 | Create | Villager (Male) |
| 34:19 | Create | Villager (Male) |
| 34:19 | Create | Villager (Male) |
| 34:25 | Build | House |
| 34:25 | Build | House |
| 34:37 | Build | Castle |
| 34:40 | Build | Mining Camp |
| 35:05 | Research | Murder Holes |
| 35:07 | Create | Villager (Male) |
| 35:07 | Create | Villager (Male) |
| 35:14 | Build | House |
| 35:14 | Build | House |
| 35:14 | Build | House |
| 35:14 | Build | House |
Build order — ALmotema
First 150 of 410 actions detected
| 0:05 | Build | Town Center |
| 0:39 | Build | Dock |
| 0:49 | Build | House |
| 2:38 | Create | Villager (Male) |
| 2:38 | Create | Villager (Male) |
| 2:38 | Create | Villager (Male) |
| 2:39 | Create | Villager (Male) |
| 2:39 | Create | Villager (Male) |
| 3:05 | Build | Palisade Wall |
| 3:07 | Build | Palisade Wall |
| 3:09 | Build | Palisade Wall |
| 3:12 | Build | Palisade Wall |
| 3:16 | Build | Palisade Wall |
| 3:19 | Create | Villager (Male) |
| 3:48 | Create | Fishing Ship |
| 3:48 | Create | Fishing Ship |
| 4:32 | Create | Fishing Ship |
| 4:33 | Create | Fishing Ship |
| 4:40 | Build | House |
| 4:44 | Research | Loom |
| 4:45 | Research | Loom |
| 5:07 | Create | Villager (Male) |
| 5:07 | Create | Villager (Male) |
| 5:16 | Create | Fishing Ship |
| 5:16 | Create | Fishing Ship |
| 5:48 | Create | Fishing Ship |
| 5:49 | Create | Fishing Ship |
| 5:57 | Build | House |
| 6:03 | Create | Villager (Male) |
| 6:03 | Create | Villager (Male) |
| 6:34 | Create | Villager (Male) |
| 6:34 | Create | Villager (Male) |
| 6:39 | Create | Fishing Ship |
| 6:40 | Build | House |
| 7:04 | Create | Villager (Male) |
| 7:05 | Create | Villager (Male) |
| 7:09 | Build | House |
| 7:18 | Create | Villager (Male) |
| 7:18 | Create | Villager (Male) |
| 7:48 | Create | Villager (Male) |
| 7:58 | Create | Fishing Ship |
| 8:15 | Build | House |
| 8:20 | Create | Villager (Male) |
| 8:40 | Create | Villager (Male) |
| 8:41 | Create | Villager (Male) |
| 9:05 | Create | Fishing Ship |
| 9:14 | Create | Villager (Male) |
| 9:29 | Build | Settlement |
| 9:44 | Build | Settlement |
| 9:50 | Create | Fishing Ship |
| 10:06 | Create | Villager (Male) |
| 10:29 | Research | Feudal Age |
| 11:23 | Build | Barracks |
| 11:58 | Create | Villager (Male) |
| 12:41 | Age | Feudal Age |
| 12:46 | Research | Double-Bit Axe |
| 12:55 | Build | Archery Range |
| 13:03 | Create | Villager (Male) |
| 13:29 | Create | Villager (Male) |
| 13:48 | Create | Villager (Male) |
| 13:54 | Build | Blacksmith |
| 13:56 | Create | Archer |
| 14:01 | Create | Villager (Male) |
| 14:23 | Create | Villager (Male) |
| 14:27 | Create | Villager (Male) |
| 14:37 | Build | Settlement |
| 14:42 | Research | Fletching |
| 14:47 | Create | Villager (Male) |
| 15:02 | Research | Gold Mining |
| 15:02 | Research | Gold Mining |
| 15:12 | Create | Archer |
| 15:16 | Build | House |
| 15:29 | Create | Archer |
| 15:52 | Create | Archer |
| 15:56 | Create | Villager (Male) |
| 16:27 | Research | Castle Age |
| 16:27 | Research | Castle Age |
| 16:29 | Create | Archer |
| 16:34 | Build | Archery Range |
| 16:36 | Create | Villager (Male) |
| 16:38 | Research | Town Watch |
| 16:49 | Create | Archer |
| 16:50 | Create | Archer |
| 16:58 | Build | Settlement |
| 17:12 | Create | Archer |
| 17:35 | Create | Archer |
| 17:36 | Create | Villager (Male) |
| 17:38 | Create | Archer |
| 17:50 | Build | Settlement |
| 18:30 | Create | Archer |
| 18:33 | Build | House |
| 18:34 | Build | House |
| 18:46 | Research | Padded Archer Armor |
| 19:07 | Age | Castle Age |
| 19:16 | Research | Bodkin Arrow |
| 19:17 | Research | Bodkin Arrow |
| 19:32 | Research | Horse Collar |
| 19:32 | Research | Horse Collar |
| 19:35 | Build | Farm |
| 20:03 | Build | House |
| 20:07 | Build | Farm |
| 20:10 | Build | Farm |
| 20:36 | Create | Villager (Male) |
| 20:44 | Build | Siege Workshop |
| 20:51 | Build | Farm |
| 20:53 | Create | Villager (Male) |
| 21:06 | Research | Crossbowman (upgrade) |
| 21:16 | Build | Farm |
| 21:24 | Build | Farm |
| 21:25 | Create | Villager (Male) |
| 21:32 | Create | Villager (Male) |
| 21:54 | Create | Villager (Male) |
| 21:56 | Create | Mangonel |
| 21:58 | Build | House |
| 22:30 | Create | Villager (Male) |
| 22:37 | Create | Villager (Male) |
| 22:52 | Create | Mangonel |
| 22:55 | Build | House |
| 23:09 | Create | Villager (Male) |
| 23:12 | Build | Town Center |
| 23:18 | Create | Villager (Male) |
| 23:29 | Create | Villager (Male) |
| 23:39 | Build | Farm |
| 23:39 | Create | Villager (Male) |
| 23:58 | Build | House |
| 23:59 | Create | Villager (Male) |
| 24:36 | Create | Archer |
| 24:36 | Create | Archer |
| 24:37 | Create | Archer |
| 24:37 | Create | Archer |
| 24:53 | Create | Archer |
| 24:54 | Create | Archer |
| 24:55 | Create | Villager (Male) |
| 25:05 | Build | University |
| 25:05 | Create | Villager (Male) |
| 25:35 | Create | Villager (Male) |
| 25:37 | Research | Wheelbarrow |
| 25:40 | Build | Farm |
| 25:43 | Build | Settlement |
| 25:45 | Research | Heavy Plow |
| 25:50 | Build | Farm |
| 25:57 | Create | Archer |
| 25:57 | Create | Archer |
| 26:11 | Create | Villager (Male) |
| 26:14 | Research | Ballistics |
| 26:14 | Research | Ballistics |
| 26:24 | Create | Villager (Male) |
| 26:26 | Create | Archer |
| 26:26 | Create | Archer |
| 26:31 | Build | Archery Range |
Build order — DR GUS GELPEN BUILDORDER THE 3RD
First 150 of 218 actions detected
| 0:17 | Build | Town Center |
| 2:13 | Build | Mill |
| 2:24 | Build | Lumber Camp |
| 2:50 | Create | Villager (Male) ×4 |
| 2:50 | Create | Villager (Male) |
| 2:50 | Create | Villager (Male) |
| 2:50 | Create | Villager (Male) |
| 2:50 | Create | Villager (Male) |
| 3:24 | Create | Villager (Male) |
| 3:25 | Research | Loom |
| 3:46 | Create | Villager (Male) ×2 |
| 3:46 | Create | Villager (Male) |
| 3:46 | Create | Villager (Male) |
| 3:46 | Create | Villager (Male) |
| 3:46 | Create | Villager (Male) |
| 4:10 | Build | House |
| 5:28 | Create | Villager (Male) |
| 5:29 | Create | Villager (Male) |
| 5:29 | Create | Villager (Male) |
| 5:29 | Create | Villager (Male) |
| 5:29 | Create | Villager (Male) |
| 5:56 | Build | Dock |
| 6:09 | Build | House |
| 6:34 | Create | Fishing Ship |
| 7:08 | Create | Villager (Male) |
| 7:08 | Create | Villager (Male) |
| 7:08 | Create | Villager (Male) |
| 7:08 | Create | Villager (Male) |
| 7:08 | Create | Villager (Male) |
| 7:10 | Create | Fishing Ship |
| 7:43 | Create | Fishing Ship |
| 7:53 | Create | Villager (Male) |
| 7:53 | Create | Villager (Male) |
| 7:53 | Create | Villager (Male) |
| 7:53 | Create | Villager (Male) |
| 8:17 | Create | Fishing Ship |
| 8:39 | Create | Villager (Male) |
| 8:40 | Create | Villager (Male) |
| 8:40 | Create | Villager (Male) |
| 8:55 | Build | House |
| 9:00 | Create | Villager (Male) |
| 9:01 | Create | Villager (Male) |
| 9:01 | Create | Villager (Male) |
| 9:05 | Build | Dock |
| 9:32 | Create | Villager (Male) |
| 9:32 | Create | Villager (Male) |
| 9:32 | Create | Villager (Male) |
| 9:32 | Create | Villager (Male) |
| 9:32 | Create | Villager (Male) |
| 9:38 | Build | Lumber Camp |
| 9:59 | Create | Villager (Male) |
| 9:59 | Create | Villager (Male) |
| 9:59 | Create | Villager (Male) |
| 9:59 | Create | Villager (Male) |
| 10:13 | Create | Villager (Male) |
| 10:14 | Create | Villager (Male) |
| 10:14 | Create | Villager (Male) |
| 10:14 | Create | Villager (Male) |
| 10:14 | Create | Villager (Male) |
| 10:29 | Create | Fishing Ship |
| 10:46 | Create | Villager (Male) |
| 10:46 | Create | Villager (Male) |
| 10:46 | Create | Villager (Male) |
| 10:46 | Create | Villager (Male) |
| 10:46 | Create | Villager (Male) |
| 10:47 | Create | Fishing Ship |
| 10:56 | Build | House |
| 11:22 | Create | Villager (Male) |
| 11:22 | Create | Villager (Male) |
| 11:22 | Create | Villager (Male) |
| 11:22 | Create | Villager (Male) |
| 11:22 | Create | Villager (Male) |
| 11:22 | Create | Fishing Ship |
| 11:27 | Build | House |
| 11:32 | Create | Fishing Ship |
| 12:03 | Create | Villager (Male) |
| 12:03 | Create | Villager (Male) |
| 12:03 | Create | Villager (Male) |
| 12:03 | Create | Villager (Male) |
| 12:03 | Create | Villager (Male) |
| 12:05 | Create | Fishing Ship |
| 12:05 | Create | Fishing Ship |
| 12:07 | Create | Fishing Ship |
| 12:34 | Create | Villager (Male) |
| 13:18 | Create | Fishing Ship |
| 13:18 | Create | Fishing Ship |
| 13:19 | Create | Fishing Ship |
| 13:19 | Create | Villager (Male) |
| 13:23 | Build | House |
| 13:26 | Build | House |
| 13:48 | Build | Lumber Camp |
| 14:08 | Create | Fishing Ship |
| 14:08 | Create | Villager (Male) |
| 14:27 | Research | Feudal Age |
| 14:46 | Create | Fishing Ship |
| 14:46 | Create | Fishing Ship |
| 14:47 | Create | Villager (Male) |
| 15:11 | Build | Dock |
| 15:27 | Build | Mining Camp |
| 15:37 | Build | Mining Camp |
| 15:41 | Create | Villager (Male) |
| 15:53 | Create | Fishing Ship |
| 15:53 | Create | Fishing Ship |
| 15:54 | Create | Fishing Ship |
| 16:00 | Create | Fishing Ship |
| 16:05 | Build | House |
| 16:07 | Build | House |
| 16:50 | Age | Feudal Age |
| 16:54 | Build | Dock |
| 17:06 | Build | House |
| 17:12 | Build | House |
| 17:15 | Create | Villager (Male) |
| 17:57 | Build | Market |
| 18:09 | Build | Market |
| 18:24 | Create | Fishing Ship |
| 18:25 | Create | Fishing Ship |
| 18:25 | Create | Fishing Ship |
| 18:26 | Create | Villager (Male) |
| 18:28 | Research | Town Watch |
| 18:55 | Research | Double-Bit Axe |
| 18:56 | Create | Villager (Male) |
| 19:20 | Research | Wheelbarrow |
| 19:45 | Build | Blacksmith |
| 19:50 | Build | House |
| 19:54 | Create | Fishing Ship |
| 19:54 | Create | Fishing Ship |
| 20:16 | Build | Dock |
| 20:36 | Build | Barracks |
| 20:39 | Create | Villager (Male) |
| 20:42 | Research | Castle Age |
| 20:49 | Build | Lumber Camp |
| 21:07 | Build | Lumber Camp |
| 21:50 | Build | Stable |
| 21:57 | Research | Scale Barding Armor |
| 21:57 | Research | Forging |
| 22:50 | Build | Stable |
| 22:55 | Build | Stable |
| 22:57 | Research | Bloodlines |
| 22:58 | Create | Camel Scout ×5 |
| 23:36 | Age | Castle Age |
| 24:00 | Research | Chain Barding Armor |
| 24:01 | Research | Iron Casting |
| 24:27 | Build | Siege Workshop |
| 24:37 | Build | Town Center |
| 25:15 | Create | Armored Elephant |
| 25:55 | Create | Villager (Male) |
| 26:44 | Create | Armored Elephant |
| 26:45 | Create | Armored Elephant |
| 26:51 | Research | Town Patrol |
| 26:58 | Build | Monastery |
Build order — charliemarried
First 150 of 176 actions detected
| 0:18 | Build | Town Center |
| 2:34 | Create | Villager (Male) |
| 2:34 | Create | Villager (Male) |
| 2:35 | Create | Villager (Male) |
| 2:35 | Create | Villager (Male) |
| 2:35 | Create | Villager (Male) |
| 4:37 | Create | Villager (Male) |
| 4:37 | Create | Villager (Male) |
| 4:37 | Create | Villager (Male) |
| 5:22 | Build | Mill |
| 5:51 | Create | Villager (Male) |
| 5:52 | Create | Villager (Male) |
| 6:42 | Create | Villager (Male) |
| 6:43 | Create | Villager (Male) |
| 6:43 | Create | Villager (Male) |
| 8:09 | Create | Villager (Male) |
| 8:09 | Create | Villager (Male) |
| 8:09 | Create | Villager (Male) |
| 8:10 | Create | Villager (Male) |
| 8:27 | Create | Villager (Male) |
| 8:28 | Create | Villager (Male) |
| 8:33 | Create | Villager (Male) |
| 8:33 | Create | Villager (Male) |
| 9:20 | Create | Villager (Male) |
| 10:20 | Build | Mining Camp |
| 10:30 | Create | Villager (Male) |
| 10:56 | Create | Villager (Male) |
| 11:27 | Create | Villager (Male) |
| 11:40 | Create | Villager (Male) |
| 12:22 | Build | Farm |
| 12:26 | Create | Villager (Male) |
| 12:31 | Create | Villager (Male) |
| 12:53 | Build | Farm |
| 12:58 | Build | Farm |
| 13:11 | Create | Villager (Male) |
| 13:21 | Build | Farm |
| 13:36 | Create | Villager (Male) |
| 13:51 | Build | Farm |
| 13:53 | Create | Villager (Male) |
| 14:11 | Build | Farm |
| 15:28 | Create | Villager (Male) |
| 15:28 | Create | Villager (Male) |
| 16:19 | Create | Villager (Male) |
| 16:23 | Research | Feudal Age |
| 16:26 | Create | Villager (Male) |
| 16:28 | Create | Villager (Male) |
| 16:40 | Build | Barracks |
| 18:33 | Age | Feudal Age |
| 18:54 | Build | Archery Range |
| 18:57 | Build | Stable |
| 19:13 | Research | Horse Collar |
| 19:27 | Build | Lumber Camp |
| 19:37 | Research | Gold Mining |
| 20:04 | Research | Castle Age |
| 20:19 | Build | Blacksmith |
| 20:39 | Create | Scout Cavalry |
| 20:56 | Research | Man-at-Arms (upgrade) |
| 21:01 | Create | Villager (Male) |
| 21:06 | Create | Villager (Male) |
| 21:17 | Build | Farm |
| 21:23 | Build | Farm |
| 21:28 | Build | Farm |
| 21:33 | Build | Farm |
| 21:38 | Build | Farm |
| 21:43 | Build | Farm |
| 21:49 | Build | Farm |
| 21:55 | Build | Farm |
| 22:00 | Build | Farm |
| 22:09 | Build | Farm |
| 22:13 | Create | Villager (Male) |
| 22:24 | Create | Militia |
| 22:44 | Age | Castle Age |
| 23:09 | Build | Market |
| 23:39 | Research | Gold Shaft Mining |
| 24:09 | Research | Double-Bit Axe |
| 24:37 | Create | Trade Cart |
| 24:45 | Create | Villager (Male) |
| 24:45 | Create | Villager (Male) |
| 24:46 | Create | Villager (Male) |
| 24:49 | Create | Villager (Male) |
| 25:25 | Build | Town Center |
| 25:31 | Build | Town Center |
| 26:03 | Create | Trade Cart |
| 26:29 | Create | Knight |
| 26:30 | Create | Knight |
| 26:31 | Create | Knight |
| 26:33 | Create | Knight |
| 26:37 | Create | Archer |
| 26:38 | Create | Archer |
| 26:38 | Create | Archer |
| 26:40 | Create | Archer |
| 26:53 | Create | Spearman |
| 26:53 | Create | Spearman |
| 26:54 | Create | Spearman |
| 26:54 | Create | Spearman |
| 26:54 | Create | Spearman |
| 26:55 | Create | Spearman |
| 27:32 | Create | Villager (Male) |
| 27:32 | Create | Villager (Male) |
| 27:32 | Create | Villager (Male) |
| 27:33 | Create | Villager (Male) |
| 27:34 | Create | Villager (Male) |
| 27:48 | Research | Forging |
| 28:02 | Research | Wheelbarrow |
| 28:43 | Build | Siege Workshop |
| 29:00 | Create | Villager (Male) |
| 29:00 | Create | Villager (Male) |
| 29:18 | Research | Hand Cart |
| 29:19 | Create | Villager (Male) |
| 29:19 | Create | Villager (Male) |
| 29:47 | Research | Long Swordsman (upgrade) |
| 30:00 | Build | Farm |
| 30:05 | Build | Farm |
| 30:08 | Build | Farm |
| 30:12 | Create | Villager (Male) |
| 30:14 | Create | Villager (Male) |
| 30:17 | Create | Villager (Male) |
| 30:19 | Create | Villager (Male) |
| 30:30 | Build | Farm |
| 30:41 | Build | Farm |
| 30:54 | Build | Farm |
| 30:59 | Create | Villager (Male) |
| 31:04 | Create | Villager (Male) |
| 31:05 | Create | Villager (Male) |
| 31:07 | Create | Villager (Male) |
| 31:15 | Build | Farm |
| 31:21 | Build | Farm |
| 31:25 | Create | Battering Ram |
| 31:30 | Research | Pikeman (upgrade) |
| 31:42 | Create | Knight |
| 31:47 | Build | Farm |
| 31:51 | Build | Farm |
| 31:54 | Create | Villager (Male) |
| 31:55 | Create | Villager (Male) |
| 31:56 | Create | Villager (Male) |
| 31:57 | Create | Villager (Male) |
| 32:07 | Build | Farm |
| 32:22 | Build | Farm |
| 32:27 | Build | Farm |
| 32:31 | Build | Farm |
| 32:33 | Create | Villager (Male) |
| 33:48 | Create | Villager (Male) |
| 33:48 | Create | Villager (Male) |
| 33:49 | Create | Villager (Male) |
| 33:49 | Create | Villager (Male) |
| 33:51 | Create | Villager (Male) |
| 33:51 | Create | Villager (Male) |
| 33:51 | Create | Villager (Male) |
| 33:52 | Create | Villager (Male) |
| 33:55 | Research | Heavy Plow |
Build order — Blei Blei
First 150 of 237 actions detected
| 0:32 | Build | Town Center |
| 1:21 | Build | Dock |
| 3:04 | Create | Villager (Male) |
| 3:04 | Create | Villager (Male) |
| 3:04 | Create | Villager (Male) |
| 3:05 | Create | Villager (Male) |
| 3:05 | Create | Villager (Male) |
| 3:43 | Build | House |
| 3:45 | Build | House |
| 3:55 | Build | House |
| 4:27 | Create | Villager (Male) |
| 4:28 | Create | Villager (Male) |
| 5:09 | Create | Fishing Ship |
| 5:09 | Create | Fishing Ship |
| 5:35 | Create | Villager (Male) |
| 5:35 | Create | Villager (Male) |
| 6:07 | Create | Villager (Male) |
| 6:07 | Create | Villager (Male) |
| 6:15 | Create | Fishing Ship |
| 6:15 | Create | Fishing Ship |
| 6:36 | Create | Villager (Male) |
| 6:37 | Create | Villager (Male) |
| 6:41 | Create | Fishing Ship |
| 6:41 | Create | Fishing Ship |
| 7:01 | Create | Villager (Male) |
| 7:41 | Create | Villager (Male) |
| 7:41 | Create | Villager (Male) |
| 7:41 | Create | Villager (Male) |
| 7:41 | Create | Villager (Male) |
| 7:49 | Build | House |
| 7:50 | Build | House |
| 7:57 | Build | House |
| 8:13 | Create | Fishing Ship |
| 9:07 | Create | Villager (Male) |
| 9:07 | Create | Villager (Male) |
| 9:07 | Create | Villager (Male) |
| 9:07 | Create | Villager (Male) |
| 9:50 | Create | Fishing Ship |
| 9:51 | Create | Fishing Ship |
| 9:57 | Build | House |
| 10:01 | Build | House |
| 10:45 | Create | Villager (Male) |
| 11:02 | Build | Mill |
| 11:18 | Build | House |
| 11:19 | Build | House |
| 11:20 | Build | House |
| 11:25 | Create | Fishing Ship |
| 11:26 | Create | Fishing Ship |
| 11:35 | Create | Villager (Male) |
| 11:35 | Create | Villager (Male) |
| 11:36 | Create | Villager (Male) |
| 11:53 | Build | Lumber Camp |
| 12:17 | Research | Feudal Age |
| 13:10 | Build | Outpost |
| 13:31 | Build | Outpost |
| 13:54 | Create | Villager (Male) |
| 13:55 | Create | Villager (Male) |
| 13:55 | Create | Villager (Male) |
| 14:16 | Build | Mill |
| 14:31 | Create | Fishing Ship |
| 14:32 | Create | Fishing Ship |
| 14:35 | Age | Feudal Age |
| 14:53 | Create | Villager (Male) |
| 14:54 | Create | Villager (Male) |
| 15:01 | Build | Outpost |
| 15:12 | Build | Mining Camp |
| 16:04 | Build | House |
| 16:05 | Build | House |
| 16:26 | Build | Market |
| 16:59 | Create | Demolition Raft |
| 16:59 | Create | Demolition Raft |
| 17:02 | Create | Fishing Ship |
| 17:02 | Create | Fishing Ship |
| 17:08 | Create | Villager (Male) |
| 17:08 | Create | Villager (Male) |
| 17:09 | Create | Villager (Male) |
| 17:09 | Create | Villager (Male) |
| 17:30 | Build | Blacksmith |
| 17:34 | Build | House |
| 18:02 | Build | Lumber Camp |
| 18:09 | Research | Castle Age |
| 18:39 | Build | Mining Camp |
| 20:04 | Build | Outpost |
| 20:31 | Build | Barracks |
| 21:28 | Age | Castle Age |
| 21:52 | Research | Loom |
| 22:00 | Build | Castle |
| 22:26 | Create | Villager (Male) |
| 22:27 | Create | Villager (Male) |
| 22:27 | Create | Villager (Male) |
| 22:27 | Create | Villager (Male) |
| 22:27 | Create | Villager (Male) |
| 22:28 | Create | Villager (Male) |
| 22:43 | Build | Town Center |
| 23:18 | Create | Ratha (Ranged) |
| 23:18 | Create | Ratha (Ranged) |
| 23:18 | Create | Ratha (Ranged) |
| 23:19 | Create | Ratha (Ranged) |
| 23:19 | Create | Ratha (Ranged) |
| 23:19 | Create | Ratha (Ranged) |
| 23:20 | Create | Ratha (Ranged) |
| 23:37 | Build | Mill |
| 24:32 | Build | House |
| 24:39 | Build | Mining Camp |
| 24:54 | Build | Siege Workshop |
| 25:17 | Build | House |
| 25:19 | Build | House |
| 25:42 | Build | Farm |
| 25:42 | Build | Farm |
| 25:43 | Build | Farm |
| 25:43 | Build | Farm |
| 25:43 | Build | Farm |
| 26:05 | Build | House |
| 26:06 | Build | House |
| 26:15 | Build | House |
| 27:41 | Build | Farm |
| 27:42 | Build | Farm |
| 27:42 | Build | Farm |
| 27:42 | Build | Farm |
| 27:42 | Build | Farm |
| 28:21 | Create | Mangonel |
| 28:33 | Build | Castle |
| 28:38 | Create | Villager (Male) ×5 |
| 28:38 | Create | Villager (Male) ×5 |
| 28:39 | Create | Villager (Male) |
| 28:39 | Create | Villager (Male) ×5 |
| 28:42 | Create | Ratha (Ranged) |
| 28:42 | Create | Ratha (Ranged) |
| 28:43 | Create | Ratha (Ranged) |
| 28:43 | Create | Ratha (Ranged) |
| 28:43 | Create | Ratha (Ranged) |
| 29:41 | Build | Farm |
| 30:02 | Create | Ratha (Ranged) |
| 30:04 | Create | Ratha (Ranged) |
| 30:04 | Create | Ratha (Ranged) |
| 30:04 | Create | Ratha (Ranged) |
| 30:15 | Create | Ratha (Ranged) |
| 30:16 | Create | Ratha (Ranged) |
| 31:00 | Research | Scale Mail Armor |
| 31:01 | Research | Scale Barding Armor |
| 31:14 | Build | Farm |
| 31:24 | Create | Villager (Male) |
| 31:25 | Create | Villager (Male) |
| 31:27 | Build | House |
| 31:28 | Build | House |
| 31:38 | Build | Lumber Camp |
| 31:53 | Create | Ratha (Ranged) |
| 31:54 | Create | Ratha (Ranged) |
| 31:54 | Create | Ratha (Ranged) |
| 32:42 | Research | Wheelbarrow |
Match timeline
| 0:39 | ALmotema · first_building Dock |
| 1:21 | Blei Blei · first_building Dock |
| 1:22 | asoldkfjasodlfkj · first_building Dock |
| 2:15 | tboss · first_building Dock |
| 3:05 | ALmotema · wall_segment Palisade Wall x1 |
| 3:07 | ALmotema · wall_segment Palisade Wall x1 |
| 3:09 | ALmotema · wall_segment Palisade Wall x1 |
| 3:12 | ALmotema · wall_segment Palisade Wall x1 |
| 3:16 | ALmotema · wall_segment Palisade Wall x1 |
| 3:34 | 令狐冲 · first_building Dock |
| 5:56 | DR GUS GELPEN BUILDORDER THE 3RD · first_building Dock |
| 8:42 | DON CANGREJO · first_building Dock |
| 11:23 | ALmotema · first_building Barracks |
| 12:41 | ALmotema · age_up feudal |
| 12:55 | ALmotema · first_building Archery Range |
| 14:17 | DON CANGREJO · first_building Barracks |
| 14:28 | asoldkfjasodlfkj · wall_segment Palisade Wall x1 |
| 14:32 | 令狐冲 · age_up feudal |
| 14:35 | Blei Blei · age_up feudal |
| 14:53 | tboss · first_building Barracks |
| 15:04 | 令狐冲 · wall_segment Stone Wall x1 |
| 15:16 | DON CANGREJO · age_up feudal |
| 15:22 | DON CANGREJO · first_building Stable |
| 15:30 | asoldkfjasodlfkj · age_up feudal |
| 16:10 | tboss · age_up feudal |
| 16:40 | charliemarried · first_building Barracks |
| 16:46 | asoldkfjasodlfkj · wall_segment Palisade Wall x1 |
| 16:48 | asoldkfjasodlfkj · wall_segment Palisade Wall x1 |
| 16:49 | asoldkfjasodlfkj · wall_segment Palisade Wall x1 |
| 16:50 | DR GUS GELPEN BUILDORDER THE 3RD · age_up feudal |
| 16:52 | asoldkfjasodlfkj · wall_segment Palisade Wall x1 |
| 17:13 | asoldkfjasodlfkj · first_building Barracks |
| 18:00 | asoldkfjasodlfkj · wall_segment Palisade Wall x1 |
| 18:25 | asoldkfjasodlfkj · first_building Stable |
| 18:33 | charliemarried · age_up feudal |
| 18:54 | charliemarried · first_building Archery Range |
| 18:57 | charliemarried · first_building Stable |
| 19:07 | ALmotema · age_up castle |
| 19:23 | tboss · first_building Archery Range |
| 19:38 | asoldkfjasodlfkj · age_up castle |
| 20:31 | Blei Blei · first_building Barracks |
| 20:36 | DR GUS GELPEN BUILDORDER THE 3RD · first_building Barracks |
| 20:44 | ALmotema · first_building Siege Workshop |
| 20:46 | asoldkfjasodlfkj · wall_segment Palisade Wall x1 |
| 20:48 | asoldkfjasodlfkj · wall_segment Palisade Wall x1 |
| 21:28 | Blei Blei · age_up castle |
| 21:31 | Blei Blei · first_market_buy 100 stone |
| 21:37 | Blei Blei · first_market_sell 100 food |
| 21:50 | DR GUS GELPEN BUILDORDER THE 3RD · first_building Stable |
| 21:51 | tboss · age_up castle |
| 21:59 | asoldkfjasodlfkj · first_market_sell 100 stone |
| 22:00 | Blei Blei · first_building Castle |
| 22:00 | asoldkfjasodlfkj · first_market_buy 100 wood |
| 22:01 | tboss · first_market_sell 100 food |
| 22:44 | 令狐冲 · age_up castle |
| 22:44 | charliemarried · age_up castle |
| 22:45 | asoldkfjasodlfkj · first_building Monastery |
| 22:47 | tboss · first_market_buy 100 wood |
| 23:11 | 令狐冲 · first_building Barracks |
| 23:36 | DR GUS GELPEN BUILDORDER THE 3RD · age_up castle |
| 23:50 | DON CANGREJO · age_up castle |
| 23:51 | 令狐冲 · first_building Stable |
| 24:27 | DR GUS GELPEN BUILDORDER THE 3RD · first_building Siege Workshop |
| 24:31 | DON CANGREJO · first_building Siege Workshop |
| 24:54 | Blei Blei · first_building Siege Workshop |
| 25:39 | asoldkfjasodlfkj · first_building Archery Range |
| 26:37 | asoldkfjasodlfkj · first_building Siege Workshop |
| 26:42 | DR GUS GELPEN BUILDORDER THE 3RD · first_market_sell 100 food |
| 26:58 | DR GUS GELPEN BUILDORDER THE 3RD · first_building Monastery |
| 27:16 | DON CANGREJO · first_building Monastery |
| 28:16 | 令狐冲 · first_building Monastery |
| 28:28 | asoldkfjasodlfkj · first_building Castle |
| 28:43 | charliemarried · first_building Siege Workshop |
| 29:46 | 令狐冲 · first_building Castle |
| 30:04 | DON CANGREJO · first_building Castle |
| 32:05 | 令狐冲 · age_up imperial |
| 32:37 | ALmotema · first_building Castle |
| 33:09 | Blei Blei · wall_segment Stone Wall x5 |
| 33:12 | tboss · first_building Siege Workshop |
| 34:15 | DON CANGREJO · first_building Archery Range |
| 34:37 | tboss · first_building Castle |
| 38:01 | DON CANGREJO · age_up imperial |
| 38:22 | ALmotema · age_up imperial |
| 39:01 | charliemarried · resign |
| 39:20 | ALmotema · wall_segment Palisade Wall x1 |
| 40:08 | ALmotema · wall_segment Palisade Wall x1 |
| 41:43 | 令狐冲 · first_building Archery Range |
| 44:16 | DR GUS GELPEN BUILDORDER THE 3RD · first_building Castle |
| 45:21 | tboss · age_up imperial |
| 46:14 | ALmotema · first_building Monastery |
| 49:11 | Blei Blei · age_up imperial |
[ AI ANALYSIS · 1 CREDIT ]
What really happened in this match?
Wolo.gg analyzes every decision: build order, eco, micro, common mistakes by bracket. Personalized analysis on WhatsApp or Discord in 30 seconds.
Civ guide
Mongols
Map guide
Nomad
Perfil
令狐冲